 Dungeon Sprint DCSS version 0.17-a0-1646-geb1493d (webtiles) character file.

31914 Kidiri the Unseen (level 12, 0/61 HPs)
             Began as a Spriggan Enchanter on Aug 11, 2015.
             Was the Champion of Dithmenos.
             Slain by a tentacle (22 damage)
             ... attached to a kraken
             ... in the Dungeon (Sprint III: "The Ten Rune Challenge").
             The game lasted 00:21:52 (4324 turns).

Kidiri the Unseen (Spriggan Enchanter)              Turns: 4324, Time: 00:21:52

Health: 0/61       AC:  8    Str:  4    XL:     12   Next: 31%
Magic:  13/36      EV: 25    Int: 19    God:    Dithmenos [******]
Gold:   42         SH:  0    Dex: 19    Spells: 10 memorised, 5 levels left

rFire  x . .     SeeInvis +     (weapon currently unavailable)
rCold  + + +     Clarity  .     (armour currently unavailable)
rNeg   . . .     SustAt   .     (shield currently unavailable)
rPois  +         Gourm    .     (helmet currently unavailable)
rElec  .         Spirit   .     (cloak currently unavailable)
rCorr  .         Warding  .     (gloves unavailable)
rMut   .         NoTele   +     (boots unavailable)
MR     ++...                    (no amulet)
Stlth  ++++++++++               (no ring)
                                (no ring)

@: ice-form, very slightly contaminated, wreathed by umbra, very resistant to
hostile enchantments, uncannily stealthy
A: unfitting armour, see invisible, herbivore 3, (speed 0), high mp 1, (poison
resistance), screaming 1, slow metabolism 2
a: End Transformation, Shadow Step, Shadow Form, Renounce Religion
}: 1/10 runes: barnacled


You were in the Dungeon.
You worshipped Dithmenos.
Dithmenos was exalted by your worship.
You were not hungry.
You were a creature of crystalline ice.
You visited 1 branch You collected 42 gold pieces.

Inventory:

Hand weapons
 s - a +2 dagger of speed (melded)
Missiles
 a - 10 throwing nets (quivered)
Armour
 b - a +1 robe (melded)
Scrolls
 j - a scroll of blinking
 m - a scroll of holy word
 n - 4 scrolls of remove curse
 q - a scroll of immolation {unknown}
Potions
 e - a potion of curing
 f - 2 potions of heal wounds
 g - a potion of haste
 h - a potion of magic
 l - a potion of berserk rage
 p - 4 potions of cure mutation
 r - a potion of flight {unknown}
Books
 i - a book of Ice

   Spells                             Type                      Level
   a - Ice Form                       Ice/Transmutation            4
   b - Metabolic Englaciation         Hexes/Ice                    5
   c - Ozocubu's Refrigeration        Ice                          6
   d - Bolt of Cold                   Conjuration/Ice              6
   e - Freezing Cloud                 Conjuration/Ice/Air          6
   f - Simulacrum                     Ice/Necromancy               6
 k - a book of the Dragon

   Spells                             Type                      Level
   a - Flame Tongue                   Conjuration/Fire             1
   b - Cause Fear                     Hexes                        4
   c - Bolt of Fire                   Conjuration/Fire             6
   d - Dragon Form                    Transmutation                7
   e - Dragon's Call                  Summoning                    9
Comestibles
 o - 24 royal jellies


   Skills:
 + Level 10.7 Short Blades
 * Level 18.2 Dodging
 * Level 19.8 Stealth
 * Level 15.8 Spellcasting
 + Level 7.4 Conjurations
 + Level 12.1 Hexes
 + Level 10.4 Transmutations
 + Level 8.1 Ice Magic
 - Level 8.1 Invocations


You had 5 spell levels left.
You knew the following spells:

 Your Spells              Type           Power        Failure   Level  Hunger
a - Corona                Hex            ######.      1%          1    None
b - Ensorcelled Hibernat  Hex/Ice        ######       1%          2    None
c - Confuse               Hex            ######..     1%          3    None
d - Tukima's Dance        Hex            ######..     1%          3    None
e - Dazzling Spray        Conj/Hex       ######..     1%          3    None
f - Cause Fear            Hex            ######....   1%          4    None
g - Metabolic Englaciati  Hex/Ice        ######....   1%          5    ###....
h - Ice Form              Ice/Trmt       ######..     1%          4    None
i - Bolt of Cold          Conj/Ice       #####.....   28%         6    #####..
j - Ozocubu's Refrigerat  Ice            #####.....   24%         6    #####..


Dungeon Overview and Level Annotations

Branches:
Dungeon (1/1)

Altars:
Cheibriados
Dithmenos
Elyvilon
Fedhas
Gozag
Kikubaaqudgha
Makhleb
Nemelex Xobeh
Okawaru
Qazlal
Ru
Sif Muna
Trog
Vehumet
Xom
Yredelemnul
Zin
The Shining One
Jiyva
Lugonu

Shops:
D }(?


Innate Abilities, Weirdness & Mutations

You are tiny and cannot use many weapons and most armour.
You have supernaturally acute eyesight.
You are a herbivore.
((You cover ground extremely quickly.))
You need consume almost no food.
You have an increased reservoir of magic (+10% MP).
((Your system is resistant to poisons.))
You occasionally shout uncontrollably at your foes.


Message History

Casting: Confuse
Confirm with . or Enter, or press ? or * to list all spells.
The spell is very dangerous to cast!
Continue anyway?
Aiming: Bolt of Cold
Press: ? - help, Shift-Dir - straight line, f/p - snapping turtle
Aim: a snapping turtle (black smoke, water, severely wounded, confused, regenerating health quickly, protected by its shell, umbra)
You miscast Bolt of Cold.
You are very lightly contaminated with residual magic.
A chill runs through your body.
Unknown command.
Casting: Bolt of Cold
Confirm with . or Enter, or press ? or * to list all spells.
The spell is very dangerous to cast!
Continue anyway?
Aiming: Bolt of Cold
Press: ? - help, Shift-Dir - straight line, f/p - snapping turtle
Aim: a snapping turtle (black smoke, water, severely wounded, confused, regenerating health quickly, protected by its shell, umbra)
You miscast Bolt of Cold.
Your skin tingles.
Tentacles burst out of the water!
The snapping turtle seems less confused.
The tentacle slaps you!!
You die...

▓≈≈≈≈≈≈≈≈≈≈≈≈▓
▓≈≈≈≈≈≈≈≈≈≈≈≈▓
▓≈≈≈≈≈≈≈≈≈≈≈≈▓
▓≈≈≈≈≈≈≈≈≈≈≈≈▓
▓≈≈≈≈≈≈X≈≈≈≈≈▓
▓≈≈w≈≈≈*≈≈≈≈≈▓
▓≈≈≈*t*≈≈≈≈≈≈▓
▓≈≈≈www≈≈≈≈≈≈▓
▓≈≈≈§%Y...≈≈≈▓
▓≈≈.§∩§.∩%.≈≈▓
▓▓▓▓▓▓▓▓▓▓▓▓▓▓


You could see a kraken, a snapping turtle (withdrawn) and 4 tentacles.

Vanquished Creatures
  Rupert (D)
  Dowan (D)
  Maud (D)
  Erolcha (D)
  2 alligator snapping turtles (D)
  4 death yaks (D)
  A lindwurm (D)
  2 black mambas (D)
  Duvessa (D)
  2 spiny frogs (D)
  A fire drake (D)
  A komodo dragon (D)
  A deep elf priest (D)
  3 wandering mushrooms (D)
  A queen bee (D)
  2 orc high priests (D)
  8 blink frogs (D)
  3 snapping turtles (D)
  4 redbacks (D)
  A shadow (D)
  2 trapdoor spiders (D)
  2 hill giants (D)
  A spatial vortex (D)
  A swamp drake (D)
  A necrophage (D)
  3 two-headed ogres (D)
  2 brain worms (D)
  A water elemental (D)
  32 killer bees (D)
  A jelly (D)
  Jessica (D)
  2 orc priests (D)
  A wizard (D)
  A necromancer (D)
  3 humans (D)
  A kobold demonologist (D)
  A phantom (D)
  2 rats (D)
  A plant (D)
100 creatures vanquished.

Vanquished Creatures (others)
  2 draconian scorchers (D)
  3 yaktaurs (D)
  7 plants (D)
  10 tentacle segments (D)
22 creatures vanquished.

Grand Total: 122 creatures vanquished

Notes
Turn   | Place    | Note
--------------------------------------------------------------
     0 | D        | Kidiri the Spriggan Enchanter began the quest for the Orb.
     0 | D        | Reached XP level 1. HP: 9/9 MP: 5/5
    49 | D        | Noticed Jessica
    52 | D        | Killed Jessica
    52 | D        | Reached skill level 5 in Dodging
    52 | D        | Reached skill level 6 in Stealth
    52 | D        | Reached XP level 2. HP: 13/13 MP: 6/8
    56 | D        | Learned a level 2 spell: Ensorcelled Hibernation
    90 | D        | Reached skill level 7 in Stealth
    90 | D        | Reached XP level 3. HP: 16/16 MP: 10/10
    95 | D        | Learned a level 3 spell: Confuse
    99 | D        | Learned a level 3 spell: Tukima's Dance
   116 | D        | Reached skill level 5 in Spellcasting
   132 | D        | Gained mutation: Your system is resistant to poisons. [potion of mutation]
   132 | D        | Gained mutation: You have an increased reservoir of magic (+10% MP). [potion of mutation]
   133 | D        | Gained mutation: You occasionally shout uncontrollably at your foes. [potion of mutation]
   171 | D        | Learned a level 3 spell: Dazzling Spray
   175 | D        | Noticed a water elemental
   197 | D        | Killed a water elemental
   197 | D        | Reached skill level 8 in Stealth
   197 | D        | Reached skill level 1 in Conjurations
   197 | D        | Reached skill level 5 in Hexes
   197 | D        | Reached skill level 1 in Ice Magic
   197 | D        | Reached XP level 4. HP: 7/21 MP: 0/14
   210 | D        | Killed a white draconian scorcher
   211 | D        | Killed a white draconian scorcher
   218 | D        | Killed a yaktaur
   505 | D        | Noticed a jelly
   506 | D        | Noticed a shadow
   511 | D        | Killed a jelly
   511 | D        | Reached XP level 5. HP: 24/24 MP: 13/16
   521 | D        | Killed a shadow
   521 | D        | Reached skill level 9 in Dodging
   521 | D        | Reached skill level 10 in Stealth
   521 | D        | Reached XP level 6. HP: 28/28 MP: 12/19
   565 | D        | Found a stormy altar of Qazlal.
   565 | D        | Found a sacrificial altar of Ru.
   565 | D        | Found a burning altar of Makhleb.
   565 | D        | Found a shimmering altar of Xom.
   566 | D        | Noticed a spatial vortex
   566 | D        | Found a viscous altar of Jiyva.
   566 | D        | Found a shadowy altar of Dithmenos.
   566 | D        | Found a sparkling altar of Nemelex Xobeh.
   566 | D        | Found a corrupted altar of Lugonu.
   566 | D        | Found an opulent altar of Gozag.
   570 | D        | Became a worshipper of Dithmenos the Shadowed
   592 | D        | Killed a spatial vortex
   592 | D        | Reached skill level 11 in Stealth
   592 | D        | Reached skill level 1 in Invocations
   741 | D        | Killed a yaktaur
   798 | D        | Found a radiant altar of Vehumet.
   799 | D        | Found a deep blue altar of Sif Muna.
   799 | D        | Found an ancient bone altar of Kikubaaqudgha.
   799 | D        | Noticed a wizard
   801 | D        | Noticed an orange demon
   813 | D        | Killed a wizard
   813 | D        | Reached skill level 10 in Dodging
   830 | D        | Learned a level 4 spell: Cause Fear
   836 | D        | Learned a level 5 spell: Metabolic Englaciation
   924 | D        | Found a glowing silver altar of Zin.
   925 | D        | Found a glowing golden altar of the Shining One.
   925 | D        | Found a white marble altar of Elyvilon.
   925 | D        | Noticed a deep elf priest
   927 | D        | Killed a deep elf priest
   927 | D        | Reached skill level 5 in Short Blades
   927 | D        | Reached XP level 7. HP: 32/32 MP: 20/22
   937 | D        | Found an iron altar of Okawaru.
   937 | D        | Found a bloodstained altar of Trog.
   937 | D        | Noticed a human
   938 | D        | Noticed a human
   948 | D        | Killed a human
   948 | D        | Reached skill level 12 in Stealth
   968 | D        | Killed a human
  1270 | D        | Found a basalt altar of Yredelemnul.
  1270 | D        | Found a snail-covered altar of Cheibriados.
  1270 | D        | Found a blossoming altar of Fedhas.
  1270 | D        | Noticed a necrophage
  1270 | D        | Noticed a necromancer
  1273 | D        | Killed a necromancer
  1273 | D        | Acquired Dithmenos's first power
  1277 | D        | Killed a necrophage
  1277 | D        | Reached XP level 8. HP: 30/36 MP: 8/25
  1297 | D        | Learned a level 4 spell: Ice Form
  1468 | D        | Noticed a two-headed ogre
  1468 | D        | Noticed a two-headed ogre
  1473 | D        | Killed a two-headed ogre
  1473 | D        | Reached skill level 10 in Spellcasting
  1518 | D        | Killed a two-headed ogre
  1518 | D        | Reached skill level 1 in Transmutations
  1635 | D        | Killed a yaktaur
  1734 | D        | Noticed a two-headed ogre
  1746 | D        | Noticed a hill giant
  1749 | D        | Killed a hill giant
  1749 | D        | Acquired Dithmenos's second power
  1749 | D        | Reached skill level 13 in Stealth
  1809 | D        | Noticed a hill giant
  1809 | D        | Noticed Erolcha
  1811 | D        | Killed Erolcha
  1811 | D        | Reached XP level 9. HP: 39/39 MP: 25/27
  1812 | D        | Killed a hill giant
  1812 | D        | Reached skill level 14 in Stealth
  1824 | D        | Noticed a redback
  1842 | D        | Noticed a trapdoor spider
  1845 | D        | Killed a trapdoor spider
  1845 | D        | Reached skill level 5 in Ice Magic
  1848 | D        | Killed a redback
  1848 | D        | Acquired Dithmenos's third power
  1853 | D        | Noticed a trapdoor spider
  1855 | D        | Killed a trapdoor spider
  1855 | D        | Reached skill level 5 in Invocations
  1952 | D        | Killed a two-headed ogre
  1972 | D        | Noticed a killer bee
  1972 | D        | Noticed a killer bee
  1972 | D        | Noticed a killer bee
  1972 | D        | Noticed a queen bee
  1972 | D        | Noticed a killer bee
  1972 | D        | Noticed a killer bee
  1972 | D        | Noticed a killer bee
  1972 | D        | Noticed a killer bee
  1972 | D        | Noticed a killer bee
  1972 | D        | Noticed a killer bee
  1972 | D        | Noticed a killer bee
  1972 | D        | Noticed a killer bee
  1972 | D        | Noticed a killer bee
  1972 | D        | Noticed a killer bee
  1972 | D        | Noticed a killer bee
  1973 | D        | Noticed a killer bee
  1974 | D        | Noticed a killer bee
  1974 | D        | Noticed a killer bee
  1974 | D        | Killed a killer bee
  1975 | D        | Noticed a killer bee
  1976 | D        | Noticed a killer bee
  1976 | D        | Noticed a killer bee
  1976 | D        | Noticed a killer bee
  1976 | D        | Noticed a killer bee
  1976 | D        | Noticed a killer bee
  1976 | D        | Killed a killer bee
  1978 | D        | Noticed a killer bee
  1978 | D        | Killed a killer bee
  1978 | D        | Acquired Dithmenos's fourth power
  1981 | D        | Killed a killer bee
  1984 | D        | Killed a killer bee
  1986 | D        | Noticed a killer bee
  1986 | D        | Killed a killer bee
  1988 | D        | Killed a killer bee
  1992 | D        | Noticed a killer bee
  1992 | D        | Killed a killer bee
  1993 | D        | Noticed a killer bee
  1994 | D        | Killed a killer bee
  1995 | D        | Noticed a killer bee
  1997 | D        | Noticed a killer bee
  1997 | D        | Noticed a killer bee
  2254 | D        | Noticed a killer bee
  2255 | D        | Killed a killer bee
  2255 | D        | Reached skill level 15 in Stealth
  2256 | D        | Noticed a killer bee
  2258 | D        | Killed a killer bee
  2260 | D        | Killed a killer bee
  2263 | D        | Killed a killer bee
  2263 | D        | Reached skill level 5 in Transmutations
  2265 | D        | Killed a killer bee
  2267 | D        | Killed a killer bee
  2269 | D        | Killed a killer bee
  2271 | D        | Killed a killer bee
  2271 | D        | Reached skill level 5 in Conjurations
  2274 | D        | Killed a killer bee
  2276 | D        | Killed a killer bee
  2278 | D        | Killed a killer bee
  2416 | D        | Killed a killer bee
  2419 | D        | Killed a killer bee
  2422 | D        | Killed a killer bee
  2426 | D        | Killed a killer bee
  2430 | D        | Killed a killer bee
  2432 | D        | Killed a killer bee
  2436 | D        | Killed a killer bee
  2436 | D        | Reached XP level 10. HP: 27/44 MP: 2/29
  2580 | D        | Killed a killer bee
  2583 | D        | Killed a killer bee
  2584 | D        | Killed a killer bee
  2584 | D        | Killed a queen bee
  2592 | D        | Killed a killer bee
  2594 | D        | Killed a killer bee
  2709 | D        | Learned a level 6 spell: Bolt of Cold
  2722 | D        | Noticed Dowan
  2722 | D        | Noticed Duvessa
  2724 | D        | Killed Dowan
  2724 | D        | Reached skill level 16 in Stealth
  2767 | D        | Killed Duvessa
  2767 | D        | Reached skill level 15 in Dodging
  2767 | D        | Reached skill level 10 in Hexes
  3018 | D        | Noticed an orc high priest
  3018 | D        | Noticed an orc priest
  3019 | D        | Noticed an orc priest
  3019 | D        | Noticed an orc high priest
  3020 | D        | Killed an orc high priest
  3023 | D        | Killed an orc priest
  3025 | D        | Killed an orc priest
  3035 | D        | Killed an orc high priest
  3330 | D        | Noticed a wandering mushroom
  3331 | D        | Noticed a wandering mushroom
  3331 | D        | Noticed a wandering mushroom
  3333 | D        | Killed a wandering mushroom
  3335 | D        | Killed a wandering mushroom
  3336 | D        | Killed a wandering mushroom
  3418 | D        | Noticed a spiny frog
  3418 | D        | Noticed a komodo dragon
  3418 | D        | Noticed a spiny frog
  3422 | D        | Killed a spiny frog
  3422 | D        | Reached skill level 17 in Stealth
  3430 | D        | Killed a komodo dragon
  3433 | D        | Killed a spiny frog
  3433 | D        | Reached XP level 11. HP: 47/47 MP: 27/32
  3442 | D        | Learned a level 6 spell: Ozocubu's Refrigeration
  3455 | D        | Noticed a redback
  3457 | D        | Killed a redback
  3458 | D        | Noticed a brain worm
  3462 | D        | Killed a brain worm
  3468 | D        | Noticed a brain worm
  3470 | D        | Killed a brain worm
  3543 | D        | Noticed a lindwurm
  3545 | D        | Noticed a redback
  3546 | D        | Killed a lindwurm
  3549 | D        | Killed a redback
  3645 | D        | Noticed a redback
  3646 | D        | Killed a redback
  3647 | D        | Noticed Maud
  3649 | D        | Killed Maud
  3675 | D        | Noticed a swamp drake
  3675 | D        | Noticed a fire drake
  3676 | D        | Killed a fire drake
  3678 | D        | Killed a swamp drake
  3691 | D        | Noticed a blink frog
  3691 | D        | Noticed a blink frog
  3692 | D        | Noticed a blink frog
  3692 | D        | Noticed a blink frog
  3692 | D        | Noticed a blink frog
  3695 | D        | Killed a blink frog
  3695 | D        | Reached skill level 18 in Stealth
  3709 | D        | Killed a blink frog
  3712 | D        | Killed a blink frog
  3719 | D        | Killed a blink frog
  3723 | D        | Killed a blink frog
  3808 | D        | Noticed Rupert
  3810 | D        | Killed Rupert
  3810 | D        | Reached skill level 10 in Short Blades
  3818 | D        | Noticed a death yak
  3819 | D        | Noticed a death yak
  3819 | D        | Noticed a blink frog
  3819 | D        | Noticed an azure jelly
  3819 | D        | Noticed a death yak
  3819 | D        | Noticed an azure jelly
  3819 | D        | Noticed a blink frog
  3819 | D        | Noticed a death yak
  3820 | D        | Killed a death yak
  3820 | D        | Reached skill level 15 in Spellcasting
  3831 | D        | Killed a death yak
  3831 | D        | Reached skill level 19 in Stealth
  3841 | D        | Noticed a blink frog
  3847 | D        | Killed a death yak
  4040 | D        | Noticed a black mamba
  4046 | D        | Killed a blink frog
  4046 | D        | Reached XP level 12. HP: 51/51 MP: 28/35
  4052 | D        | Killed a black mamba
  4088 | D        | Noticed a black mamba
  4093 | D        | Killed a black mamba
  4106 | D        | Killed a death yak
  4106 | D        | Reached skill level 10 in Transmutations
  4115 | D        | Killed a blink frog
  4128 | D        | Killed a blink frog
  4271 | D        | Noticed a kraken
  4279 | D        | Noticed a snapping turtle
  4279 | D        | Noticed a snapping turtle
  4282 | D        | Noticed a snapping turtle
  4282 | D        | Noticed an alligator snapping turtle
  4282 | D        | Noticed a snapping turtle
  4282 | D        | Noticed an alligator snapping turtle
  4282 | D        | Found Tenuixt's Gadget Shoppe.
  4282 | D        | Found Wonlokh's Antique Weapon Boutique.
  4282 | D        | Found Paerir's Magic Scroll Shop.
  4283 | D        | Killed a snapping turtle
  4285 | D        | Killed a snapping turtle
  4286 | D        | Killed a snapping turtle
  4288 | D        | Killed an alligator snapping turtle
  4290 | D        | Killed an alligator snapping turtle
  4294 | D        | Got a barnacled rune of Zot
  4324 | D        | Slain by a tentacle

Vault maps used:
D:        dungeon_sprint_mu

Action                   |  1- 3 |  4- 6 |  7- 9 | 10-12 || total
-------------------------+-------+-------+-------+-------++-------
Melee: Dagger            |    11 |    28 |    49 |   175 ||   263
       Unarmed           |       |       |       |    16 ||    16
 Cast: Dazzling Spray    |     4 |     8 |    16 |    23 ||    51
       Ensorcelled Hiber |       |     2 |    51 |    22 ||    75
       Confuse           |       |     1 |     1 |     7 ||     9
       Metabolic Englaci |       |       |       |     1 ||     1
       Ice Form          |       |       |       |     1 ||     1
       Corona            |       |       |       |     1 ||     1
Invok: Shadow Step       |       |       |     2 |    12 ||    14
  Use: Potion            |     3 |     1 |       |     1 ||     5
       Scroll            |     2 |       |       |       ||     2
 Stab: Sleeping          |     3 |     2 |    35 |    36 ||    76
       Confused          |       |     1 |       |     8 ||     9
       Invisible         |       |       |     2 |     4 ||     6
  Eat: Bread ration      |       |       |     1 |       ||     1
